AoeStats
← FJL

Black Forest

506709623Analyzed
4v4 RM · 19d ago on Sep 14, 2026· 28m 11s· 8 players
Game mode
Random Map
Map size
Large (8 player)
Population
200
Speed
Normal
Resources
Standard
Victory
Conquest
Starting age
Dark Age
Ending age
Imperial Age
RankedLock teamsTeams togetherTeam positionsShared explorationLock speedFull tech treeHidden civsTurbo modeCheats
Victory
Defeat
🇦🇷 Maya · Argentina
1456
+17
1437
+18
🇦🇷 Hindustanis · Argentina
1405
+19
🇦🇷 Saracens · Argentina
1389
+20
🇨🇳 Mongols · China
1522
-20
🇩🇪 Bohemians · Germany
1504
-20
🇩🇪 Wei · Germany
1472
-18
🇩🇪 Koreans · Germany
1419
-16
[Odst] Sheppard
0:42 Loom
13:00 Feudal Age
21:36 Fletching
25:23 Double-Bit Axe
mode maelle
1:56 Loom
17:54 Feudal Age
18:45 Double-Bit Axe
24:07 Castle Age
22:08 Fishing Lines
22:38 Stone Mining
25:27 Bow Saw
25:12 Gillnets
28:06 Fletching
第一滴血
8:31 Feudal Age
10:33 Horse Collar
10:39 Double-Bit Axe
15:10 Bloodlines
17:42 Loom
20:35 Castle Age
21:39 Bow Saw
21:29 Heavy Plow
21:20 Gold Mining
22:15 Wheelbarrow
24:53 Loom
2-ray
12:03 Feudal Age
15:44 Castle Age
14:11 Double-Bit Axe
17:12 Bow Saw
18:06 Wheelbarrow
19:55 Fervor
20:20 Loom
22:18 Pikeman
24:34 Fletching
26:15 Horse Collar
27:43 Bodkin Arrow
FJL
0:26 Loom
13:54 Feudal Age
15:35 Double-Bit Axe
18:28 Fletching
24:27 Castle Age
23:14 Gold Mining
24:42 Crossbowman
25:37 Bodkin Arrow
26:01 Padded Archer Armor
Nicostock
5:35 Loom
9:27 Feudal Age
16:14 Town Watch
20:18 Castle Age
25:00 Redemption
25:02 Fervor
Cayo Mario - Siete veces Cónsul
7:09 Loom
8:57 Feudal Age
7:17 Loom
9:44 Double-Bit Axe
11:18 Horse Collar
17:52 Forging
19:49 Wheelbarrow
22:33 Castle Age
22:01 Bloodlines
22:20 Scale Barding Armor
23:33 Chain Barding Armor
24:25 Bow Saw
28:03 Town Watch
28:17 Gold Mining
Moctezuma
6:21 Loom
8:29 Feudal Age
9:25 Double-Bit Axe
9:55 Horse Collar
17:55 Wheelbarrow
20:47 Castle Age
19:03 Gold Mining
19:56 Scale Barding Armor
20:10 Forging
21:43 Bloodlines
21:34 Husbandry
23:31 Bow Saw
24:25 Iron Casting
25:54 Heavy Plow
26:32 Chain Barding Armor
Connection lost

Rejoining the realm…

Still unreachable

The connection could not be restored.

Session expired

The server has moved on; the page needs a fresh start.